 Dungeon Crawl Stone Soup version 0.29.0-4-gdea44cf6ec (webtiles) character file.

Game seed: 14077943444253928150

25 qw the Chopper (level 3, -18/21 HPs)
             Began as a Tengu Warper on Aug 28, 2022.
             Demolished by a goblin
             ... wielding a +1 dagger of electrocution
             ... led by Robin
              (19 damage)
             ... on level 2 of the Dungeon.
             The game lasted 00:00:04 (1561 turns).

qw the Chopper (Tengu Warper)                       Turns: 1561, Time: 00:00:05

Health: -18/21     AC:  3    Str: 13    XL:     3   Next: 6%
Magic:  7/7        EV: 11    Int: 13    God:
Gold:   91         SH:  4    Dex: 13    Spells: 6/6 levels left

rFire   . . .      SeeInvis .   Y - +0 hand axe
rCold   . . .      Faith    .   i - +0 buckler
rNeg    . . .      Spirit   .   b - +0 leather armour
rPois   .          Reflect  .   (helmet restricted)
rElec   .          Harm     .   (no cloak)
rCorr   .          Rampage  .   (no gloves)
Will    .....                   (boots unavailable)
Stlth   +.........              (no amulet)
HPRegen 0.07/turn               (no ring)
MPRegen 0.10/turn               (no ring)

@: weak-willed
A: beak, talons 3
a: no special abilities


You were on level 2 of the Dungeon.
You visited 1 branch of the dungeon, and saw 2 of its levels.

You collected 91 gold pieces.


Innate Abilities, Weirdness & Mutations

You have a beak for a mouth.
You have claws for feet.


   Skills:
 - Level 2.0 Fighting
 + Level 3.4 Axes
 - Level 1.0 Throwing
 - Level 1.1 Armour
 - Level 2.1 Dodging
 - Level 1.1 Shields
 - Level 2.0 Spellcasting
 - Level 2.4 Translocations


You had 6 spell levels left.
You didn't know any spells.
Your spell library contained the following spells:

 Spells                   Type           Power      Damage    Failure   Level
 Blink                    Tloc           14%        N/A       26%         2
 Gell's Gravitas          Tloc           7%         N/A       45%         3
 Lesser Beckoning         Tloc           7%         N/A       45%         3
 Teleport Other           Tloc           7%         N/A       45%         3
 Manifold Assault         Tloc           7%         N/A       99%         5

Inventory:

Hand Weapons
 g - a +0 whip
 Y - a +0 hand axe (weapon)
Armour
 b - a +0 leather armour (worn)
 i - a +0 buckler (worn)
Scrolls
 h - a scroll of teleportation
Potions
 e - a potion of might {unknown}
 f - a potion of heal wounds {unknown}

Dungeon Overview and Level Annotations

Branches:
Dungeon (2/15)

Altars:

Annotations:
D:2 Robin


Message History

A bat comes into view.
The goblin closely misses you. The goblin hits you but does no damage.
The hobgoblin hits you.
The goblin unwields a +1 dagger of electrocution.
It stops crackling.
The goblin wields a +0 sling.
The goblin shoots a sling bullet.
The sling bullet hits you but does no damage.
Robin roars a battlecry!
The goblins go into a battle-frenzy!
You hit the goblin.
You kill the goblin!
You hit the hobgoblin but do no damage. You hit the goblin.
You kill the goblin!
You closely miss the goblin. You hit the hobgoblin but do no damage.
The hobgoblin misses you. The goblin barely misses you.
Your Shields skill increases to level 1!
You have reached level 3!
Your experience leads to an increase in your attributes!
Increase (S)trength, (I)ntelligence, or (D)exterity?
You feel stronger. x2
You hit the goblin.
You kill the goblin!
You hit the hobgoblin. x2; You closely miss the hobgoblin.
You hit the goblin. You hit the hobgoblin. The hobgoblin closely misses you.
The hobgoblin barely misses you. x2
Robin says, "A pitiful Tengu like you will never find the ORB!"
The goblin unwields a +0 sling.
The goblin wields a +1 dagger of electrocution.
You hear the crackle of electricity.
The goblin hits you with a +1 dagger of electrocution.
You hit the hobgoblin but do no damage. You peck the hobgoblin.
You kill the hobgoblin!
You barely miss the hobgoblin. You hit the hobgoblin but do no damage.
You closely miss the hobgoblin. You closely miss the goblin. You hit Robin.
The hobgoblin closely misses you. The hobgoblin hits you.
You block the hobgoblin's attack. Robin hits you with a +0 club.
The goblin hits you with a +1 dagger of electrocution.
You are electrocuted!!
Ouch! That really hurt!
You die...

..
########.#
.........#
.........#
.........+
.........#
......ggg#
.....bg@)#
......g.<#
........$#
.........#
..########
.


You could see Robin, 3 hobgoblins, a goblin (strong) and a bat.

Vanquished Creatures
  A dart slug (D:1)
  2 ball pythons (D:1)
  2 endoplasms (D:1)
  2 giant cockroaches
  6 goblins (D:2)
  A hobgoblin (D:2)
  2 kobolds (D:1)
  2 bats (D:1)
  3 frilled lizards (D:1)
21 creatures vanquished.

Notes
Turn   | Place    | Note
-------+----------+-------------------------------------------
     0 | D:1      | qw the Tengu Warper began the quest for the Orb.
     0 | D:1      | Reached XP level 1. HP: 12/12 MP: 4/4
     0 | D:1      | 0 ||| qw: Version: 0.1-a-89-g26bdef1
     0 | D:1      | 0 ||| qw: Game counter: 860
     0 | D:1      | 0 ||| qw: Always use a shield: true
     0 | D:1      | 0 ||| qw: God list: Okawaru
     0 | D:1      | 0 ||| qw: Allow faded altars: false
     0 | D:1      | 0 ||| qw: Do Orc after D:15 true
     0 | D:1      | 0 ||| qw: Do second Lair branch before Depths: true
     0 | D:1      | 0 ||| qw: Lair rune preference: random
     0 | D:1      | 0 ||| qw: Plans: Normal
     0 | D:1      | 0 ||| PLANNING D:1-11
    73 | D:1      | 73 ||| Stepping ~*~*~tactically~*~*~ (stealth).
   137 | D:1      | 137 ||| Stepping ~*~*~tactically~*~*~ (hiding).
   239 | D:1      | 239 ||| Stepping ~*~*~tactically~*~*~ (hiding).
   341 | D:1      | 341 ||| Stepping ~*~*~tactically~*~*~ (hiding).
   443 | D:1      | 443 ||| Stepping ~*~*~tactically~*~*~ (hiding).
   545 | D:1      | 545 ||| Stepping ~*~*~tactically~*~*~ (hiding).
   647 | D:1      | 647 ||| Stepping ~*~*~tactically~*~*~ (hiding).
   649 | D:1      | 649 ||| Stepping ~*~*~tactically~*~*~ (hiding).
   656 | D:1      | Reached skill level 3 in Axes
   656 | D:1      | Reached XP level 2. HP: 17/17 MP: 6/6
  1402 | D:1      | 1402 ||| UPGRADING to +0 buckler.
  1407 | D:1      | 1407 ||| READING scroll labelled VARALI LOCE.
  1408 | D:1      | 1408 ||| READING 2 scrolls labelled GEULIARCHIJYQ.
  1412 | D:1      | 1412 ||| READING scroll labelled WEKIKL RAVVAUH.
  1544 | D:1      | 1544 ||| READING scroll labelled FAAL BEVUFENEY.
  1545 | D:1      | 1545 ||| DROPPING scroll of blinking.
  1553 | D:2      | Noticed Robin
  1560 | D:2      | Reached skill level 1 in Shields
  1560 | D:2      | Reached XP level 3. HP: 14/21 MP: 7/7
  1561 | D:2      | HP: 5/21 [hobgoblin[Robin] (3)]
  1561 | D:2      | HP: 2/21 [Robin/+0 club (3)]
  1561 | D:2      | Demolished by a goblin

Levels and vault maps discovered:
D:1:      dreamdust_arrival_beginning_and_end, layout_loops_ring, st_stairs_14,
          minmay_misc_feat_tower
D:2:      cheibrodos_fertilizer, layout_basic, basic_altar, serial_undead,
          serial_undead_a, serial_undead_c, serial_undead_c, serial_undead_c,
          serial_undead_d, serial_undead_d, chequers_serial_rivers_micro_c,
          dk_noncrumbling_2, uniq_robin

Skill      XL: |  1  2 |
---------------+-------+-----
Axes           | 3 |  3.4
Shields        | 1 |  1.1
Fighting       | |  2.0
Throwing       | |  1.0
Armour         | |  1.1
Dodging        | |  2.1
Spellcasting   | |  2.0
Translocations | |  2.4

Action                   || total
-------------------------++-------
Melee: Hand axe          ||    30
       Kick              ||     8
       Peck              ||     5
Throw: Boomerang         ||     7
  Use: Scroll            ||     4
Armor: Leather armour    ||     9
Dodge: Dodged            ||    25
Block: Buckler           ||     2

Table legend:
 A = Non-vault XP
 B = Vault XP
 C = Vault XP percentage of total XP
 D = Non-vault monster count
 E = Vault monster count
 F = Vault count percentage of total count
                 A         B        C        D         E       F
            +---------+---------+-------+---------+---------+-------
      Total |      22 |      17 |  43.6 |      12 |       9 |  42.9
            +---------+---------+-------+---------+---------+-------
        D:1 |      20 |       3 |  13.0 |      11 |       2 |  15.4
        D:2 |       2 |      14 |  87.5 |       1 |       7 |  87.5
            +---------+---------+-------+---------+---------+-------
